 Dungeon Crawl Stone Soup version 0.15.2 (webtiles) character file.

321 magipi the Cleaver (level 6, -2/50 HPs)
             Began as a Hill Orc Gladiator on Mar 29, 2016.
             Killed by an exploding giant spore (35 damage)
             ... set off by themself
             ... on Level 6 of the Dungeon.
             The game lasted 00:17:08 (2579 turns).

magipi the Cleaver (Hill Orc Gladiator)             Turns: 2579, Time: 00:17:09

HP  -2/50        AC 13     Str 18      XL: 6   Next: 46%
MP   6/6         EV  4     Int  8      God:
Gold 172         SH  0     Dex 13      Spells:  0 memorised,  5 levels left

rFire  . . .     SeeInvis .     a - +0 war axe
rCold  . . .     Clarity  .     i - +0 plate armour
rNeg   . . .     rCorr    .     (no shield)
rPois  .         rRot     .     c - +0 helmet
rElec  .         Spirit   .     (no cloak)
SustAb .         Warding  .     (no gloves)
rMut   +         Stasis   .     k - +1 pair of boots
Gourm  .                        n - amulet of resist mutation
MR     .....                    (no ring)
                                (no ring)

@: confused, not resistant to hostile enchantments, extremely unstealthy
A: no striking features
a: no special abilities


You were on level 6 of the Dungeon.
You were very hungry.

You visited 1 branch of the dungeon, and saw 6 of its levels.

You collected 172 gold pieces.

Inventory:

Hand weapons
 a - a +0 war axe (weapon)
Missiles
 d - a throwing net (quivered)
Armour
 c - a +0 helmet (worn)
 i - a +0 plate armour (worn)
 k - a +1 pair of boots (worn)
Magical devices
 p - a wand of enslavement (4)
 t - a wand of paralysis (9)
Comestibles
 f - 3 meat rations
 m - 3 bread rations
 r - 3 fruits
Scrolls
 g - a scroll of identify
 h - 2 scrolls of noise
 j - 3 scrolls of remove curse
 q - a scroll of enchant armour {unknown}
 u - a scroll of amnesia {unknown}
 w - a scroll of enchant weapon {unknown}
Jewellery
 n - an amulet of resist mutation (around neck)
 s - an uncursed ring of teleportation
Potions
 b - 2 potions of lignification
 e - 3 potions of curing
 l - a potion of restore abilities
 o - 4 potions of cancellation


   Skills:
 - Level 2.4 Fighting
 + Level 9.3 Axes
 - Level 2.0 Throwing
 - Level 2.4 Dodging


You had 5 spell levels left.
You didn't know any spells.

Dungeon Overview and Level Annotations

Branches:
Dungeon (6/15)
 Temple: D:4-7

Altars:
Elyvilon

Vault maps used:
D:1:      eino_arrival_druids_welcome
D:2:      first_bread, nicolae_underground_beach, uniq_jessica
D:3:      lemuel_round_altar, minmay_statues_item
D:5:      nicolae_tso_besieged_by_evil, temple_pool_b,
          lightli_sewer_entry_pipes, minmay_item_behind_shaft,
          hangedman_decor_diamond_cutter
D:6:      minmay_fountain_box


Message History

You kill the orc!
The orc wizard hits you with a dagger.
Unknown command.
You slash the orc wizard!
The orc wizard is severely wounded.
The orc wizard hits you with a dagger.
* * * LOW HITPOINT WARNING * * *
The orc wizard gestures wildly while chanting.
You feel troubled.
Unknown command.
Drink which item? (? for menu, Esc to quit)
Okay, then.
You hit the orc wizard.
The orc wizard is almost dead.
The orc wizard points at you and mumbles some strange words.
The puff of flame hits you!
* * * LOW HITPOINT WARNING * * *
Unknown command.
You hit the orc wizard.
You kill the orc wizard!
Your Axes skill increases to level 9!
You closely miss the giant newt skeleton.
Unknown command.
The orc priest hits you with a flail.
* * * LOW HITPOINT WARNING * * *
The giant newt skeleton bites you but does no damage.
Drink which item? (? for menu, Esc to quit)
You feel better. The orc priest barely misses you.
The giant newt skeleton bites you but does no damage.
Unknown command.
Unknown command.
You hit the orc priest.
The orc priest shouts, "Join the one true god or die!"
The orc priest is almost dead.
Your plate armour prevents you from hitting the giant newt skeleton.
The orc priest closely misses you.
The giant newt skeleton bites you but does no damage.
Unknown command.
Your plate armour prevents you from hitting the orc priest.
The orc priest is almost dead.
You slash the giant newt skeleton!
You destroy the giant newt skeleton!
The orc priest barely misses you.
Unknown command.
You closely miss the orc priest.
The orc priest is almost dead.
The orc priest hits you but does no damage.
Unknown command.
You slash the orc priest!
You kill the orc priest!
Unknown command.
Things that are here:
a dagger; a robe
Found a blackened beryl amulet.
A crimson imp comes into view.
Things that are here:
a flail; a leather armour; an orc corpse You hear the rusting of a distant drain.
You see here a trident.
You now have 172 gold pieces (gained 19).
Found 15 stones.
m - 3 bread rations (gained 1)
Found 20 bolts.
Found a stone staircase leading up.
An ogre comes into view. It is wielding a giant club.
The ogre shouts!
A giant cockroach comes into view.
There is a stone staircase leading up here.
Things that are here:
a club; a gnoll corpse The crimson imp blinks!
Things that are here:
a flail; a leather armour; an orc corpse You hear the rusting of a drain, a long way away.
You are feeling very hungry.
n - a blackened beryl amulet An orc comes into view.
It is wielding a trident.
The orc shouts!
Found a stone staircase leading down.
The crimson imp grinds its teeth.
The crimson imp blinks!
There is a stone staircase leading down here.
The crimson imp summons a swarm of flies.
You climb downwards.
Found a scroll labeled VYUHUN JOOMO.
There is a stone staircase leading up here.
Put on which piece of jewellery? (? for menu, Esc to quit)
n - an amulet of resist mutation (around neck)
A giant spore comes into view.
The giant spore waves its rhizomes.
Quiver which item? (- for none, * to show all) (? for menu, Esc to quit)
Okay, then.
A ballistomycete grows in the wake of the giant spore.
Found a white potion.
Unknown command.
You hit the giant spore.
The giant spore explodes!
The explosion of spores engulfs you!
You are confused.
Ouch! That really hurt!
You die...

### #.. ####.#
..#.#
#.#!###.#
####.#@?...#
#<.......##..#
#.##.#.###
......##.#
#.....## #P#
##..... ..#
##.#.## ...
###.# . #.#


There were no monsters in sight!

Table legend:
 A = Kills in this place as a percentage of kills in entire the game.
 B = Kills by you in this place as a percentage of kills by you in the entire game.
 C = Kills by friends in this place as a percentage of kills by friends in the entire game.
 D = Other kills in this place as a percentage of other kills in the entire game.
 E = Experience gained in this place as a percentage of experience gained in the entire game.
 F = Experience gained in this place divided by the number of levels of this place that you have seen.
                   A       B       C       D       E      F
               +-------+-------+-------+-------+-------+----------------------
         Total | 100.0 | 100.0 |  -nan |  -nan | 100.0 |  76.5
       Dungeon | 100.0 | 100.0 |  -nan |  -nan | 100.0 |  76.5
               +-------+-------+-------+-------+-------+----------------------

Vanquished Creatures
  A giant frog (D:3)
  An orc priest (D:5)
  A hound (D:4)
  An orc wizard (D:5)
  An iguana (D:2)
  Jessica (D:2)
  2 adders
  4 gnolls
  A giant mite (D:3)
  An adder skeleton (D:4)
  A giant gecko (D:1)
  2 oozes (D:3)
  An orc (D:5)
  6 bats
  A giant cockroach (D:2)
  9 goblins
  6 hobgoblins
  11 jackals
  5 kobolds
  A ball python (D:2)
  A giant newt (D:1)
  A giant newt skeleton (D:5)
  A quokka (D:3)
  7 rats
67 creatures vanquished.

Notes
Turn   | Place    | Note
--------------------------------------------------------------
     0 | D:1      | magipi, the Hill Orc Gladiator, began the quest for the Orb.
     0 | D:1      | Reached XP level 1. HP: 18/18 MP: 1/1
   128 | D:1      | Reached XP level 2. HP: 22/25 MP: 2/2
   409 | D:1      | Reached skill level 5 in Axes
   672 | D:2      | Reached XP level 3. HP: 7/30 MP: 3/3
  1151 | D:2      | Reached skill level 6 in Axes
  1151 | D:2      | Reached XP level 4. HP: 20/37 MP: 4/4
  1291 | D:2      | Noticed Jessica
  1304 | D:2      | Killed Jessica
  1621 | D:3      | Reached skill level 7 in Axes
  1728 | D:3      | Reached XP level 5. HP: 40/42 MP: 5/5
  1740 | D:3      | Noticed a giant frog
  1755 | D:3      | Killed a giant frog
  1755 | D:3      | Reached skill level 8 in Axes
  1915 | D:3      | Found a white marble altar of Elyvilon.
  2297 | D:4      | Reached XP level 6. HP: 50/50 MP: 6/6
  2356 | D:5      | Entered Level 5 of the Dungeon
  2479 | D:5      | Reached skill level 9 in Axes
  2579 | D:6      | Killed by an exploding giant spore... set off by themself

Action                   |  1- 3 |  4- 6 || total
-------------------------+-------+-------++-------
Melee: War axe           |    77 |   141 ||   218
Throw: Throwing net      |     4 |     2 ||     6
Evoke: Wand              |       |     3 ||     3
  Use: Potion            |     1 |     1 ||     2
       Scroll            |       |    10 ||    10
 Stab: Held in net/web   |     3 |     1 ||     4
  Eat: Beef jerky        |     1 |       ||     1
       Chunk             |       |     3 ||     3

Action                   |  1- 3 |  4- 6 || total
-------------------------+-------+-------++-------
Melee: War axe           |    77 |   141 ||   218
Throw: Throwing net      |     4 |     2 ||     6
Evoke: Wand              |       |     3 ||     3
  Use: Potion            |     1 |     1 ||     2
       Scroll            |       |    10 ||    10
 Stab: Held in net/web   |     3 |     1 ||     4
  Eat: Beef jerky        |     1 |       ||     1
       Chunk             |       |     3 ||     3

Action                   |  1- 3 |  4- 6 || total
-------------------------+-------+-------++-------
Melee: War axe           |    77 |   141 ||   218
Throw: Throwing net      |     4 |     2 ||     6
Evoke: Wand              |       |     3 ||     3
  Use: Potion            |     1 |     1 ||     2
       Scroll            |       |    10 ||    10
 Stab: Held in net/web   |     3 |     1 ||     4
  Eat: Beef jerky        |     1 |       ||     1
       Chunk             |       |     3 ||     3
